 Dungeon Crawl Stone Soup version 0.19.4-8-ga85b6b9 (webtiles) character file.

2373 JeffiDaFish the Shield-Bearer (level 9, -6/56 HPs)
             Began as a Gargoyle Fighter on Feb 7, 2017.
             Was a Follower of Makhleb.
             Killed by divine providence
             ... invoked by an orc priest
              (16 damage)
             ... on level 7 of the Dungeon.
             The game lasted 00:17:07 (4783 turns).

JeffiDaFish the Shield-Bearer (Gargoyle Fighter)    Turns: 4783, Time: 00:17:08

Health: -6/56      AC: 21    Str: 21    XL:     9   Next: 45%
Magic:  11/11      EV:  7    Int:  8    God:    Makhleb [*.....]
Gold:   226        SH: 17    Dex: 12    Spells: 1 memorised, 9 levels left

rFire  . . .     SeeInvis .     t - +0 morningstar
rCold  . . .     Gourm    .     j - +0 chain mail
rNeg   + . .     Faith    .     c - +0 shield
rPois  ∞         Spirit   .     (no helmet)
rElec  +         Reflect  +     (no cloak)
rCorr  .         Harm     .     i - +2 pair of gloves
MR     .....                    b - +1 pair of boots
Stlth  ..........               l - +6 amulet of reflection
                                (no ring)
                                d - ring of wizardry

@: no status effects
A: negative energy resistance 1, electricity resistance, unbreathing,
petrification resistance, rot immunity, AC +5
a: Renounce Religion


You were on level 7 of the Dungeon.
You worshipped Makhleb.
Makhleb was aware of your devotion.
You were hungry.

You visited 1 branch of the dungeon, and saw 7 of its levels.

You collected 226 gold pieces.

Inventory:

Hand Weapons
 t - a +0 morningstar (weapon)
Armour
 b - a +1 pair of boots (worn)
 c - a +0 shield (worn)
 i - a +2 pair of gloves (worn)
 j - a +0 chain mail (worn)
Jewellery
 d - a ring of wizardry (left hand)
 l - a +6 amulet of reflection (around neck)
Scrolls
 k - a scroll of identify
 m - 2 scrolls of remove curse
 n - a scroll of blinking
Potions
 e - a potion of heal wounds
 q - a potion of curing
 s - a potion of cancellation
Books
 g - a book of Minor Magic

   Spells                             Type                      Level
   a - Magic Dart                     Conjuration                  1
   b - Blink                          Translocation                2
   c - Call Imp                       Summoning                    2
   d - Repel Missiles                 Charms/Air                   2
   e - Slow                           Hexes                        2
   f - Conjure Flame                  Conjuration/Fire             3
   g - Mephitic Cloud                 Conjuration/Poison/Air       3
Comestibles
 f - 2 bread rations
 h - 3 meat rations
 o - a slice of pizza
 r - 2 fruits


   Skills:
 * Level 6.4 Fighting
 * Level 6.5 Maces & Flails
 * Level 5.9 Armour
 + Level 2.6 Dodging
 - Level 0.5 Stealth
 * Level 7.8 Shields
 + Level 1.8 Spellcasting
 + Level 2.1 Translocations


You had 9 spell levels left.
You knew the following spells:

 Your Spells              Type           Power        Failure   Level  Hunger
a - Blink                 Tloc           N/A          98%         2    ###....


Dungeon Overview and Level Annotations

Branches:
Dungeon (7/15)             Temple (0/1) D:5

Altars:
Ashenzari
Elyvilon
Makhleb
Ru
Uskayaw
Yredelemnul
The Shining One

Shops:
D:4 }


Innate Abilities, Weirdness & Mutations

You are resistant to torment.
Your stone body is resilient. (AC +5)
You are immune to poison.
You resist negative energy. (rN+)
You are resistant to electric shocks. (rElec)
You can survive without breathing.
You are immune to petrification.
You are immune to rotting.


Message History

Beogh smites you!
You closely miss the bullfrog.
The bullfrog hits you but does no damage.
You block the bullfrog's attack.
A bullfrog comes into view.
You closely miss the bullfrog. The bullfrog hits you.
The bullfrog swells and bulges.
You block the bullfrog's attack.
You sock the bullfrog!
The bullfrog is heavily wounded.
The bullfrog hits you.
The orc priest invokes the aid of Beogh against you.
Beogh smites you!
The orc priest invokes the aid of Beogh against you.
Beogh smites you!
* * * LOW HITPOINT WARNING * * *
You block the orc warrior's attack.
The orc priest mumbles some strange prayers to Beogh against you.
Beogh smites you!
You die... .... #.... #.oFo

.oH# #.o#
##..# #..
#oF.#
#.....<..
##@.#
##...#.....
##..## #..#
#....
##..## ..#
#.... #...#
.##
#...##..##
..#
#..#..##
..## ##..##
...# #...#
...##
##..##


You could see a hippogriff, an orc warrior, 2 bullfrogs, 3 orc priests and an
orc (wandering).

Vanquished Creatures
  Grinder (D:6)
  Sigmund (D:3)
  The ghost of f0rbidden the Skirmisher, an amateur NaWr (D:3)
  A hungry ghost (D:7)
  The ghost of HeyBub the Ruffian, an amateur DrTm (D:4)
  Menkaure (D:4)
  An ice beast (D:5)
  2 sky beasts (D:6)
  A centaur (D:6)
  4 ogres
  Blork the orc (D:4)
  2 bullfrogs (D:6)
  A crimson imp (D:6)
  A centaur skeleton (D:7)
  An orc priest (D:5)
  2 orc wizards (D:3)
  A hound (D:6)
  Jessica (D:2)
  5 iguanas
  3 worker ants
  Terence (D:2)
  A killer bee zombie (D:5)
  7 adders
  A shadow imp (D:5)
  An ooze (D:4)
  An adder skeleton (D:5)
  2 worms (D:4)
  A dart slug (D:1)
  5 leopard geckos
  8 orcs
  A ball python (D:5)
  14 bats
  3 giant cockroaches
  7 goblins
  6 hobgoblins
  11 jackals
  2 quokkas
  3 frilled lizards
  A giant cockroach zombie (D:5)
  A jackal zombie (D:6)
  5 kobolds
  A leopard gecko skeleton (D:6)
  7 rats
  A spectral orc (D:2)
123 creatures vanquished.

Notes
Turn   | Place    | Note
-------+----------+-------------------------------------------
     0 | D:1      | JeffiDaFish the Gargoyle Fighter began the quest for the Orb.
     0 | D:1      | Reached XP level 1. HP: 14/14 MP: 1/1
     6 | D:1      | Noticed a basilisk
     6 | D:1      | Noticed a soldier ant
     7 | D:1      | Noticed a hell rat
     7 | D:1      | Noticed a yaktaur
    29 | D:1      | Gained mutation: You occasionally shout uncontrollably at your foes. [potion of mutation]
    29 | D:1      | Gained mutation: You tend to lose your temper in combat. [potion of mutation]
    29 | D:1      | Lost mutation: You tend to lose your temper in combat. [potion of mutation]
   180 | D:1      | Reached XP level 2. HP: 11/19 MP: 2/2
   601 | D:1      | Reached XP level 3. HP: 17/23 MP: 3/3
   915 | D:2      | Noticed Terence
   949 | D:2      | Killed Terence
   949 | D:2      | Reached skill level 4 in Shields
   949 | D:2      | Reached XP level 4. HP: 20/28 MP: 4/4
   964 | D:2      | Reached skill level 1 in Dodging
  1150 | D:2      | Noticed Jessica
  1155 | D:2      | Killed Jessica
  1436 | D:2      | Found a basalt altar of Yredelemnul.
  2022 | D:3      | Reached XP level 5. HP: 32/32 MP: 5/5
  2045 | D:3      | Noticed f0rbidden's ghost (amateur NaWr)
  2055 | D:3      | Noticed Sigmund
  2112 | D:3      | Killed f0rbidden's ghost
  2112 | D:3      | Reached skill level 5 in Shields
  2112 | D:3      | Reached XP level 6. HP: 32/39 MP: 6/6
  2128 | D:3      | Killed Sigmund
  2128 | D:3      | Reached XP level 7. HP: 31/44 MP: 7/7
  2308 | D:3      | Found a shattered altar of Ashenzari.
  2649 | D:4      | Noticed Blork the orc
  2738 | D:4      | Killed Blork the orc
  2738 | D:4      | Reached skill level 6 in Shields
  2752 | D:4      | Lost mutation: You occasionally shout uncontrollably at your foes. [potion of cure mutation]
  2800 | D:4      | Noticed Menkaure
  2805 | D:4      | Killed Menkaure
  2945 | D:4      | Noticed HeyBub's ghost (amateur DrTm)
  2967 | D:4      | Killed HeyBub's ghost
  2967 | D:4      | Reached skill level 5 in Fighting
  2967 | D:4      | Reached skill level 5 in Maces & Flails
  2967 | D:4      | Reached XP level 8. HP: 41/49 MP: 8/8
  3568 | D:4      | Found Fonkecog's Gadget Emporium.
  3614 | D:4      | Learned a level 2 spell: Blink
  3684 | D:5      | Entered Level 5 of the Dungeon
  3684 | D:5      | Found a sacrificial altar of Ru.
  3814 | D:5      | Found a hide-covered altar of Uskayaw.
  3833 | D:5      | Found a burning altar of Makhleb.
  3852 | D:5      | Became a worshipper of Makhleb the Destroyer
  3862 | D:5      | Found a staircase to the Ecumenical Temple.
  3890 | D:5      | Reached skill level 7 in Shields
  3890 | D:5      | Reached skill level 1 in Translocations
  4131 | D:6      | Reached skill level 1 in Spellcasting
  4158 | D:6      | Reached skill level 5 in Armour
  4221 | D:6      | Found a glowing golden altar of the Shining One.
  4236 | D:6      | Noticed Grinder
  4254 | D:6      | Killed Grinder
  4254 | D:6      | Reached XP level 9. HP: 54/55 MP: 9/11
  4349 | D:6      | Reached * piety under Makhleb
  4365 | D:6      | Found a white marble altar of Elyvilon.
  4783 | D:7      | Killed from afar by an orc priest

Skill      XL: |  1  2  3  4  5  6  7  8  9 |
---------------+----------------------------+-----
Shields        | 4 5 6 7 |  7.8
Dodging        | 1 2 |  2.6
Maces & Flails | 3 4 5 6 |  6.5
Fighting       | 4 5 6 |  6.4
Armour         | 4 5 |  5.9
Translocations | 1 2 |  2.1
Spellcasting   | 1 |  1.8
Stealth        | |  0.5

Action                   |  1- 3 |  4- 6 |  7- 9 || total
-------------------------+-------+-------+-------++-------
Melee: Flail             |   184 |   124 |   367 ||   675
       Morningstar       |       |       |    46 ||    46
  Use: Potion            |     4 |     1 |     8 ||    13
       Scroll            |     4 |     3 |     5 ||    12
  Eat: Chunk             |       |     4 |    11 ||    15
       Meat ration       |       |       |     1 ||     1
Armor: Scale mail        |   154 |    14 |       ||   168
       Chain mail        |       |    50 |   203 ||   253
Dodge: Dodged            |    96 |    34 |    84 ||   214
Block: Shield            |   130 |   127 |   365 ||   622
       Reflection        |       |       |     2 ||     2
